 Dungeon Crawl Stone Soup version 0.21-a0-414-gba8bdf1 (webtiles) character file.

2629 Xenofane the Fighter (level 9, -2/79 HPs)
             Began as a Demonspawn Chaos Knight on Nov 2, 2017.
             Slain by an orc warrior
             ... wielding a +0 war axe
             ... summoned by Xom
              (16 damage)
             ... in a bailey.
             The game lasted 00:19:48 (7900 turns).

Xenofane the Fighter (Demonspawn Chaos Knight)      Turns: 7900, Time: 00:19:49

Health: -2/79      AC:  9    Str: 15      XL:     9   Next: 35%
Magic:  9/9        EV: 11    Int: 13 (14) God:    Xom [*.....]
Gold:   302        SH:  0    Dex: 13 (15) Spells: 8/8 levels left

rFire    + . .     SeeInvis .   n - +0 shortbow
rCold    . . .     Gourm    .   (shield currently unavailable)
rNeg     . . .     Faith    .   b - +2 leather armour
rPois    .         Spirit   .   (helmet unavailable)
rElec    .         Reflect  .   x - +0 cloak
rCorr    .         Harm     .   e - +2 pair of gloves
MR       .....                  (no boots)
Stlth    +.........             (no amulet)
HPRegen  0.23/turn              (no ring)
MPRegen  0.11/turn              (no ring)

@: cleaving, very slightly contaminated
A: hooves 1, horns 3, thin skeletal structure 1, deterioration 1, fire
resistance 1, flame cloud immunity
a: Renounce Religion


You were in a bailey.
You worshipped Xom.
You were a special plaything of Xom.
You were not hungry.

You visited 1 branch of the dungeon, and saw 7 of its levels.
You also visited: Bailey.

You collected 362 gold pieces.
You spent 60 gold pieces at shops.

Inventory:

Hand Weapons
 d - a +2 broad axe
 j - a +1 spear of venom
 n - a +0 shortbow (weapon)
 s - a +1 war axe of electrocution
 u - a +0 morningstar
 A - a +1 war axe of chopping
Missiles
 w - 29 arrows (quivered)
 B - 7 javelins
Armour
 b - a +2 leather armour (worn)
 e - a +2 pair of gloves (worn)
 x - a +0 cloak (worn)
 z - a +0 ring mail
Jewellery
 r - a +3 ring of slaying {unknown}
 C - an uncursed amulet of harm {unknown}
 E - an uncursed amulet of rage
Wands
 a - a wand of flame (24/48)
 m - a wand of flame (45/48)
 v - a wand of digging (8/24)
Scrolls
 o - 5 scrolls of teleportation
 p - 2 scrolls of remove curse
Potions
 h - a potion of cancellation
 t - a potion of flight
 D - a potion of mutation {unknown}
Books
 F - a book of Flames

   Spells                             Type                      Level
   a - Flame Tongue                   Conjuration/Fire             1
   b - Throw Flame                    Conjuration/Fire             2
   c - Conjure Flame                  Conjuration/Fire             3
   d - Inner Flame                    Hexes/Fire                   3
   e - Sticky Flame                   Conjuration/Fire             4
   f - Fireball                       Conjuration/Fire             5
Miscellaneous
 f - a phial of floods
Comestibles
 c - 2 bread rations
 g - 4 meat rations
 l - 3 fruits


   Skills:
 + Level 10.4 Fighting
 + Level 7.4 Axes
 * Level 2.8 Armour
 - Level 0.8 Dodging


You had 8 spell levels left.
You didn't know any spells.

Dungeon Overview and Level Annotations

Branches:
Dungeon (7/15)             Temple (0/1) D:5

Altars:
Cheibriados
Dithmenos
Hepliaklqana
Nemelex Xobeh
Ru
Sif Muna
Xom
Yredelemnul
The Shining One

Shops:
D:5 *


Innate Abilities, Weirdness & Mutations

You have a pair of large horns on your head.
Your flesh is heat resistant. (rF+)
You are immune to clouds of flame.
You have large cloven feet.
You have a somewhat thin skeletal structure. (Dex +2, Stealth)
Your body sometimes deteriorates upon taking damage.


Message History

Aim: an orc warrior, wielding a glaive and wearing a ring mail (heavily wounded)
You shoot an arrow.
The arrow closely misses the orc warrior.
Firing (i - inventory. (,) - cycle):
w - 31 arrows (quivered)
Press: ? - help, Shift-Dir - straight line, f/p - orc warrior
Aim: an orc warrior, wielding a glaive and wearing a ring mail (heavily wounded)
You shoot an arrow.
The arrow barely misses the orc warrior.
You hear Xom's maniacal laughter.
Firing (i - inventory. (,) - cycle):
w - 30 arrows (quivered)
Press: ? - help, Shift-Dir - straight line, f/p - orc warrior
Aim: an orc warrior, wielding a glaive and wearing a ring mail (heavily wounded)
You shoot an arrow.
The arrow hits the gnoll but does no damage.
The orc wizard casts a spell.
The orc wizard blinks!
The gnoll misses you. The orc hits you.
* * * LOW HITPOINT WARNING * * *
The orc closely misses you.
The orc warrior hits you with a war axe!
You die...

####+##########
#≈...g........#####
#≈).)≈≈≈≈≈≈≈≈≈....#
##≈..≈≈.......≈≈≈.⌠.
##≈≈ogo.≈≈≈≈≈≈≈))≈≈..
##≈≈o@.≈≈≈.....≈≈≈)≈≈.
#≈≈⌠og≈≈..≈≈≈≈≈..≈≈)≈.
#≈≈.o≈≈.≈≈≈...≈≈≈.≈.≈≈
#≈.oo≈.≈≈..⌠.⌠..≈.≈≈.≈
#≈..o≈.o...∩(∩..≈))).≈
#≈...≈.≈≈..⌠.⌠..≈.≈≈.≈
#≈≈..≈≈o≈≈≈...≈≈≈)≈.≈≈
#≈≈⌠..≈≈..≈≈≈≈≈..≈≈.≈.
##≈≈(..≈≈≈.....≈≈≈.≈≈.


You could see 3 orc warriors, 2 orc wizards, 3 gnolls and 5 orcs.

Vanquished Creatures
  Pikel (D:5)
  An ice beast (D:5)
  A phantom (D:6)
  2 orc warriors
  A necrophage (D:6)
  2 ogres
  3 centaurs
  An elf zombie (D:6)
  Blork the orc (D:6)
  A water moccasin zombie (D:6)
  A bullfrog (D:6)
  2 scorpions
  4 crimson imps
  A jelly (D:6)
  A human zombie (D:6)
  5 orc priests
  2 orc wizards
  A human skeleton (D:6)
  Ijyb (D:4)
  2 centaur skeletons
  An iguana (D:4)
  6 worker ants
  5 gnolls
  A howler monkey skeleton (D:4)
  5 adders
  A shadow imp (D:5)
  2 adder skeletons
  3 worms
  4 dart slugs
  2 leopard geckos
  42 orcs
  3 bats (D:2)
  7 giant cockroaches
  7 goblins
  2 hobgoblins
  10 jackals
  3 kobolds
  3 quokkas
  3 ball pythons
  6 frilled lizards
  A leopard gecko skeleton (D:3)
  A leopard gecko zombie (D:6)
  3 orc skeletons (D:6)
  2 quokka skeletons (D:4)
  A quokka zombie (D:6)
  5 rats
163 creatures vanquished.

Vanquished Creatures (collateral kills)
  A bullfrog (D:6)
  An iguana (D:5)
2 creatures vanquished.

Vanquished Creatures (others)
  A scorpion (D:6)
  A hound (D:6)
  A jelly (D:5)
  An orc wizard (D:5)
  A worker ant (D:5)
  A howler monkey zombie (D:5)
  A gnoll (D:6)
  An adder (D:6)
  A leopard gecko (D:6)
  3 orcs
  2 jackals (D:5)
  A quokka (D:6)
  A jackal zombie (D:6)
  A quokka skeleton (D:5)
  A quokka zombie (D:5)
18 creatures vanquished.

Grand Total: 183 creatures vanquished

Notes
Turn   | Place    | Note
-------+----------+-------------------------------------------
     0 | D:1      | Xenofane the Demonspawn Chaos Knight began the quest for the Orb.
     0 | D:1      | Reached XP level 1. HP: 18/18 MP: 1/1
   220 | D:1      | XOM: harmless Ice miscast
   372 | D:1      | XOM: scenery: create altars
   380 | D:1      | Gained mutation: Your flesh is heat resistant. (rF+) [demonic ancestry]
   380 | D:1      | Reached XP level 2. HP: 16/24 MP: 2/2
   513 | D:1      | XOM: scenery: create altars
   541 | D:1      | XOM: cloud trail
   560 | D:1      | XOM: divination: magic mapping
   618 | D:1      | XOM: god gift: broad axe {god gift}
   960 | D:2      | XOM is BORED!
  1073 | D:2      | Reached XP level 3. HP: 22/29 MP: 3/3
  1185 | D:2      | XOM: scenery: create altars
  1224 | D:2      | XOM: divination: detect creatures
  1277 | D:2      | Found a snail-covered altar of Cheibriados.
  1344 | D:2      | Gained mutation: You have a pair of small horns on your head. [demonic ancestry]
  1344 | D:2      | Reached XP level 4. HP: 24/35 MP: 4/4
  1353 | D:2      | Found a sacrificial altar of Ru.
  1384 | D:2      | XOM: god gift: shortbow {god gift}
  1807 | D:3      | XOM: 1-stop teleportation journey
  1820 | D:3      | Found a glowing golden altar of the Shining One.
  1843 | D:3      | Reached skill level 5 in Axes
  2069 | D:3      | Gained mutation: You have a pair of horns on your head. [demonic ancestry]
  2069 | D:3      | Reached XP level 5. HP: 40/41 MP: 5/5
  2072 | D:3      | XOM: god gift: phial of floods
  2105 | D:3      | XOM: scenery: create altars
  2146 | D:3      | XOM: scenery: create altars
  2513 | D:3      | XOM: scenery: create altars
  2983 | D:4      | XOM: potion effect (haste)
  2989 | D:4      | XOM: enchant monster (good)
  2990 | D:4      | Gained mutation: You have a pair of large horns on your head. [demonic ancestry]
  2990 | D:4      | Reached XP level 6. HP: 45/47 MP: 6/6
  3004 | D:4      | Noticed Ijyb
  3012 | D:4      | Killed Ijyb
  3337 | D:4      | XOM: cast spell 'Summon Small Mammal'
  3766 | D:5      | Entered Level 5 of the Dungeon
  3966 | D:5      | Found a shadowy altar of Dithmenos.
  3972 | D:5      | Reached skill level 4 in Fighting
  3972 | D:5      | Gained mutation: You are immune to clouds of flame. [demonic ancestry]
  3972 | D:5      | Reached XP level 7. HP: 46/55 MP: 7/7
  3987 | D:5      | Reached skill level 5 in Fighting
  4074 | D:5      | XOM: summons 2 friendly demons
  4075 | D:5      | Noticed Pikel
  4081 | D:5      | XOM: confusion (+ monsters)
  4083 | D:5      | Killed Pikel
  4083 | D:5      | Reached skill level 7 in Fighting
  4083 | D:5      | Reached XP level 8. HP: 50/67 MP: 8/8
  4193 | D:5      | XOM: cloud trail
  4313 | D:5      | Found a staircase to the Ecumenical Temple.
  4698 | D:5      | XOM: cloud trail
  4823 | D:5      | Found Guppooc's General Store.
  4847 | D:5      | Bought a scroll of identify for 24 gold pieces
  4847 | D:5      | Bought a scroll of teleportation for 36 gold pieces
  4899 | D:5      | XOM: divination: magic mapping
  5176 | D:6      | XOM: enchant monster (good)
  5179 | D:6      | Reached skill level 8 in Fighting
  5205 | D:6      | XOM: harmless Hex miscast
  5463 | D:6      | XOM: give mutations
  5463 | D:6      | Gained mutation: You are clumsy. (Dex -2) [Xom's mischief]
  5463 | D:6      | Lost mutation: You are clumsy. (Dex -2) [Xom's mischief]
  5463 | D:6      | Gained mutation: Your body sometimes deteriorates upon taking damage. [Xom's mischief]
  5463 | D:6      | Gained mutation: Your magical capacity is low. (-10% MP) [Xom's mischief]
  5521 | D:6      | Found a shimmering altar of Xom.
  5540 | D:6      | Reached skill level 9 in Fighting
  6025 | D:6      | Noticed Blork the orc
  6036 | D:6      | Killed Blork the orc
  6121 | D:6      | XOM: give mutations
  6121 | D:6      | Gained mutation: You have a somewhat thin skeletal structure. (Dex +2, Stealth) [Xom's grace]
  6121 | D:6      | Gained mutation: You are resistant to hostile enchantments. (MR+) [Xom's grace]
  6121 | D:6      | Gained mutation: You have large cloven feet. [Xom's grace]
  6121 | D:6      | Gained mutation: Your mind is acute. (Int +2) [Xom's grace]
  6152 | D:6      | XOM: swap monsters
  6163 | D:5      | XOM: harmless Hex miscast
  6188 | D:6      | Found a runed door.
  6188 | D:6      | XOM: 8-stop teleportation journey
  6255 | D:6      | XOM: silly message
  6263 | D:6      | XOM: enchant monster (good)
  6264 | D:6      | XOM: fog
  6271 | D:6      | Reached skill level 10 in Fighting
  6492 | D:6      | Found a runed door.
  6492 | D:6      | XOM: 3-stop teleportation journey
  6495 | D:6      | Reached XP level 9. HP: 75/75 MP: 8/8
  6501 | D:6      | XOM: smoke on damage
  6757 | D:5      | XOM: noise
  6934 | D:7      | Found a sparkling altar of Nemelex Xobeh.
  6952 | D:7      | XOM: noise
  7037 | D:7      | XOM: harmless Tmut miscast
  7042 | D:7      | Found a basalt altar of Yredelemnul.
  7045 | D:7      | Found a sparkling altar of Nemelex Xobeh.
  7048 | D:7      | Found a deep blue altar of Sif Muna.
  7071 | D:7      | Found a hazy altar of Hepliaklqana.
  7193 | D:7      | XOM: 1-stop teleportation journey
  7231 | D:7      | XOM: give mutations
  7231 | D:7      | Lost mutation: You are resistant to hostile enchantments. (MR+) [Xom's mischief]
  7231 | D:7      | Lost mutation: Your mind is acute. (Int +2) [Xom's mischief]
  7231 | D:7      | Lost mutation: Your magical capacity is low. (-10% MP) [Xom's mischief]
  7243 | D:7      | Found a flagged portal.
  7255 | Bailey   | Entered a bailey
  7339 | Bailey   | XOM: harmless Chrm miscast
  7409 | Bailey   | XOM: summons 4 hostile demons
  7878 | Bailey   | XOM: cleaving
  7899 | Bailey   | XOM: summons 4 hostile shadow creatures
  7900 | Bailey   | Slain by an orc warrior

Vault maps used:
D:1:      ncdulo_halloftheorcs
D:2:      nicolae_ru_sacrificial_ziggurat, kennysheep_slug_shrine, first_bread,
          minmay_small_reverse_x
D:3:      old_standard_altar
D:4:      uniq_ijyb
D:5:      nicolae_dithmenos_the_darkroom, minmay_temple_entry_statues_pillars,
          serial_shops, nicolae_shop_stone, uniq_pikel
D:6:      lemuel_insect_pit, xom_confusion_cloud,
          nicolae_ossuary_entry_catacombs, kennysheep_dice, uniq_blork_the_orc
D:7:      grunt_temple_overflow_diamond, nicolae_overflow_hidden_temple,
          enter_bailey_3, kennysheep_cross_bottleneck, grunt_ogre_cave,
          grunt_ministairs_2, nemelex_xobeh_ov_fountains_minmay
Bailey:   bailey_polearm_flooded_kennysheep, bailey

Skill      XL: |  1  2  3  4  5  6  7  8  9 |
---------------+----------------------------+-----
Axes           | 3 4 5 6 7 |  7.4
Fighting       | 4 7 10 | 10.4
Armour         | 2 |  2.8
Dodging        | |  0.8

Action                   |  1- 3 |  4- 6 |  7- 9 || total
-------------------------+-------+-------+-------++-------
Melee: Hand axe          |    24 |       |       ||    24
       Broad axe         |    60 |   135 |   127 ||   322
       Headbutt          |       |    17 |    30 ||    47
       War axe           |       |       |    70 ||    70
       Kick              |       |       |    24 ||    24
 Fire: Shortbow          |       |       |    35 ||    35
Throw: Throwing net      |     1 |       |       ||     1
       Javelin           |       |       |     9 ||     9
  Use: Scroll            |       |     3 |     8 ||    11
       Potion            |       |     2 |    10 ||    12
 Stab: Sleeping          |     1 |     1 |       ||     2
       Paralysed         |       |     1 |       ||     1
       Invisible         |       |     2 |     2 ||     4
  Eat: Chunk             |     1 |     7 |     3 ||    11
       Bread ration      |       |     1 |     2 ||     3
Armor: Leather armour    |    36 |    25 |    79 ||   140
       Skin              |       |    22 |    56 ||    78
Dodge: Dodged            |    68 |    82 |   154 ||   304

Table legend:
 A = Spawn XP
 B = Non-spawn XP
 C = Spawn XP percentage of total XP
 D = Spawn monster count
 E = Non-spawn monster count
 F = Spawn count percentage of total count
 G = Total turns spent on level
                    A         B        C        D         E        F      G
               +---------+---------+-------+---------+---------+-------+---------
         Total |       0 |    3757 |   0.0 |       0 |     165 |   0.0 |  7900
               +---------+---------+-------+---------+---------+-------+---------
           D:1 |       0 |      16 |   0.0 |       0 |       9 |   0.0 |   806
           D:2 |       0 |     103 |   0.0 |       0 |      25 |   0.0 |   971
           D:3 |       0 |     186 |   0.0 |       0 |      25 |   0.0 |   949
           D:4 |       0 |     303 |   0.0 |       0 |      18 |   0.0 |  1040
           D:5 |       0 |     975 |   0.0 |       0 |      15 |   0.0 |  1353
           D:6 |       0 |    1327 |   0.0 |       0 |      33 |   0.0 |  1731
           D:7 |       0 |     461 |   0.0 |       0 |      26 |   0.0 |   405
        Bailey |       0 |     386 |   0.0 |       0 |      14 |   0.0 |   645
               +---------+---------+-------+---------+---------+-------+---------
